 Dungeon Crawl Stone Soup version 0.20.1-1-g8b1a95d (webtiles) character file.

83 Miyamura the Insei (level 4, 0/29 HPs)
             Began as an Octopode Transmuter on Dec 27, 2017.
             Slain by Sigmund
             ... wielding a +6 scythe of freezing
              (19 damage)
             ... on level 3 of the Dungeon.
             The game lasted 00:06:02 (3345 turns).

Miyamura the Insei (Octopode Transmuter)            Turns: 3345, Time: 00:06:03

Health: 0/29       AC:  2    Str:  9    XL:     4   Next: 44%
Magic:  2/7        EV: 20    Int: 15    God:
Gold:   124        SH:  0    Dex: 18    Spells: 1/7 levels left

rFire    . . .     SeeInvis .     - Unarmed
rCold    . . .     Gourm    .   (shield currently unavailable)
rNeg     . . .     Faith    .   (helmet currently unavailable)
rPois    x         Spirit   .   (no amulet)
rElec    .         Reflect  .   (no ring)
rCorr    .         Harm     .   (no ring)
MR       .....                  (no ring)
Stlth    ++........             (no ring)
Regen    0.1/turn               (no ring)
MPRegen  0.1/turn               (no ring)
                                (no ring)
                                (no ring)

@: spider-form (expiring), very slightly contaminated
A: almost no armour, stealthy swim, (amphibious), 8 rings, (constrict 8), wild
magic 1, evolution 1
a: End Transformation


You were on level 3 of the Dungeon.
You were not hungry.
You were a venomous arachnid creature.
You visited 1 branch of the dungeon, and saw 3 of its levels.

You collected 124 gold pieces.

Inventory:

Missiles
 a - 26 arrows
Scrolls
 d - a scroll of identify
 e - a scroll of blinking
Books
 b - a book of Changes

   Spells                             Type                      Level
   a - Beastly Appendage              Transmutation                1
   b - Sticks to Snakes               Transmutation                2
   c - Spider Form                    Transmutation/Poison         3
   d - Ice Form                       Ice/Transmutation            4
   e - Blade Hands                    Transmutation                5
Comestibles
 c - a bread ration
 f - 2 fruits


   Skills:
 + Level 1.7 Fighting
 + Level 2.4 Dodging
 + Level 2.2 Stealth
 + Level 3.6 Unarmed Combat
 + Level 2.3 Spellcasting
 + Level 2.6 Transmutations


You had one spell level left.
You knew the following spells:

 Your Spells              Type           Power        Failure   Level  Hunger
a - Beastly Appendage     Tmut           ##....       28%         1    #......
s - Spider Form           Tmut/Pois      #.........   67%         3    ###....
t - Sticks to Snakes      Tmut           ##......     34%         2    ###....


Dungeon Overview and Level Annotations

Branches:
Dungeon (3/15)

Altars:
Hepliaklqana

Annotations:
D:3 exclusion: Sigmund, Sigmund


Innate Abilities, Weirdness & Mutations

You cannot wear most types of armour.
You are very stealthy in the water. (Stealth+)
((You are amphibious.))
You can wear up to eight rings at the same time.
((You can use your tentacles to constrict eight enemies at once.))
((Your skin changes colour to match your surroundings (Stealth+).))
((Your rubbery body absorbs attacks. (AC +1, EV +1)))
((You have a beak for a mouth.))
((One of your tentacles bears a spike.))
Your spells are a little harder to cast, but a little more powerful.
You evolve.


Message History

Confirm with . or Enter, or press ? or * to list all spells.
You miscast Spider Form.
You are very lightly contaminated with residual magic.
Your skin tingles.
Unknown command.
Casting: Spider Form
Confirm with . or Enter, or press ? or * to list all spells.
You turn into a venomous arachnid creature.
Unknown command.
There is a stone staircase leading down here.
You climb downwards.
Level annotation: exclusion: Sigmund, Sigmund Your transformation is almost over.
There is a stone staircase leading up here.
Sigmund points at you and mumbles some strange words.
The puff of flame hits you!
There is a stone staircase leading up here.
Sigmund hits you from afar with a scythe of freezing!!
Ouch! That really hurt!
You die...

....# #.# ##...## ....#
#.# ##.## ....# #.# #.#
....# #.# #.# ....# #.#
#.### ....###########.#
#...# ...(......(..##.#
###.#
.#..............#######.#
.#######.###..@.s.......#
.# #.# #..########### .#
#.# #..# .# #.#
#..############ .# #.#
#.............. ### #.#
##.############ #.## #..
#.# .#.# #.# ..#.# #...#


You could see Sigmund.

Vanquished Creatures
  2 adders (D:3)
  An ooze (D:1)
  A worm (D:3)
  2 dart slugs
  A leopard gecko (D:1)
  An orc (D:3)
  3 ball pythons (D:1)
  A giant cockroach (D:3)
  6 goblins
  8 hobgoblins
  5 jackals (D:1)
  A quokka (D:3)
  4 bats
  3 frilled lizards
  7 kobolds
  4 rats
50 creatures vanquished.

Notes
Turn   | Place    | Note
-------+----------+-------------------------------------------
     0 | D:1      | Miyamura the Octopode Transmuter began the quest for the Orb.
     0 | D:1      | Reached XP level 1. HP: 13/13 MP: 3/3
   242 | D:1      | Reached XP level 2. HP: 17/18 MP: 3/5
   709 | D:1      | Reached XP level 3. HP: 23/23 MP: 6/6
   732 | D:1      | Reached skill level 1 in Stealth
  1277 | D:2      | Learned a level 2 spell: Sticks to Snakes
  1281 | D:2      | Learned a level 3 spell: Spider Form
  1427 | D:2      | Found a hazy altar of Hepliaklqana.
  2047 | D:3      | Noticed Sigmund
  2127 | D:3      | Reached XP level 4. HP: 17/29 MP: 5/7
  3241 | D:2      | Gained mutation: You evolve. [potion of mutation]
  3241 | D:2      | Gained mutation: You have a beak for a mouth. [potion of mutation]
  3241 | D:2      | Gained mutation: Your spells are a little harder to cast, but a little more powerful. [potion of mutation]
  3241 | D:2      | Gained mutation: One of your tentacles bears a spike. [potion of mutation]
  3345 | D:3      | Slain by Sigmund

Skill      XL: |  1  2  3  4 |
---------------+-------------+-----
Stealth        | 1 2 |  2.2
Fighting       | |  1.7
Dodging        | |  2.4
Unarmed Combat | |  3.6
Spellcasting   | |  2.3
Transmutations | |  2.6

Action                   |  1- 3 |  4- 6 || total
-------------------------+-------+-------++-------
Melee: Unarmed           |    80 |    21 ||   101
       Constrict         |    24 |     9 ||    33
       Tentacles         |    10 |     5 ||    15
       Kick              |     3 |     5 ||     8
       Peck              |       |     1 ||     1
       Punch             |       |     1 ||     1
 Cast: Beastly Appendage |     5 |     4 ||     9
       Spider Form       |       |     2 ||     2
       Sticks to Snakes  |       |     2 ||     2
  Use: Scroll            |       |     5 ||     5
       Potion            |       |     3 ||     3
 Stab: Sleeping          |     7 |     1 ||     8
  Eat: Chunk             |     4 |     1 ||     5
       Meat ration       |       |     1 ||     1
       Fruit             |       |     1 ||     1
Armor: Skin              |     9 |       ||     9
Dodge: Dodged            |    45 |    24 ||    69
